 Dungeon Crawl Stone Soup version 0.20.1-1-g8b1a95d66d (webtiles) character file.

101 gogeta the Skirmisher (level 4, -1/41 HPs)
             Began as a Minotaur Berserker on Dec 18, 2017.
             Was a Believer of Trog.
             Slain by a worm (10 damage)
             ... on level 3 of the Dungeon.
             The game lasted 00:04:33 (2257 turns).

gogeta the Skirmisher (Minotaur Berserker)          Turns: 2257, Time: 00:04:34

Health: -1/41      AC:  5    Str: 23    XL:     4   Next: 48%
Magic:  3/3        EV: 12    Int:  4    God:    Trog [**....]
Gold:   124        SH:  0    Dex:  9    Spells: 3/3 levels left

rFire    . . .     SeeInvis .   a - +0 hand axe
rCold    . . .     Gourm    .   (no shield)
rNeg     . . .     Faith    .   n - +0 ring mail
rPois    .         Spirit   .   (helmet restricted)
rElec    .         Reflect  .   (no cloak)
rCorr    .         Harm     .   (no gloves)
MR       .....                  (no boots)
Stlth    ..........             (no amulet)
Regen    0.2/turn               (no ring)
MPRegen  0.1/turn               (no ring)

@: no status effects
A: retaliatory headbutt, horns 2
a: Berserk, Trog's Hand, Burn Spellbooks, Renounce Religion


You were on level 3 of the Dungeon.
You worshipped Trog.
Trog was pleased with you.
You were not hungry.

You visited 1 branch of the dungeon, and saw 3 of its levels.

You collected 124 gold pieces.

Inventory:

Hand Weapons
 a - a +0 hand axe (weapon)
Armour
 b - a +0 animal skin
 n - a +0 ring mail (worn)
Scrolls
 d - 4 scrolls of identify {unknown}
 h - 3 scrolls of magic mapping {unknown}
 i - a scroll of teleportation {unknown}
 j - a scroll of remove curse {unknown}
 m - a scroll of amnesia {unknown}
 o - a scroll of fear {unknown}
 r - a scroll of random uselessness {unknown}
 s - a scroll of fog {unknown}
Potions
 e - a potion of degeneration {unknown}
 f - a potion of haste {unknown}
 k - a potion of brilliance {unknown}
 q - a potion of might {unknown}
Comestibles
 c - a bread ration
 g - a royal jelly
 l - 4 fruits
 p - 5 chunks of flesh


   Skills:
 + Level 4.7 Fighting
 + Level 4.4 Axes
 + Level 3.4 Armour
 + Level 2.8 Dodging
 + Level 0.3 Stealth


You had 3 spell levels left.
You didn't know any spells.

Dungeon Overview and Level Annotations

Branches:
Dungeon (3/15)

Altars:


Innate Abilities, Weirdness & Mutations

You reflexively headbutt those who attack you in melee.
You have a pair of horns on your head.


Message History

The orc barely misses you. The orc barely misses you.
Things that are here:
a leopard gecko corpse; a ball python corpse You hit the orc but do no damage.
Your headbutt misses the orc. The orc hits you with a trident.
You hit the orc but do no damage. The orc hits you with a trident.
You hit the orc.
The orc is severely wounded.
The orc hits you with a trident!
* * * LOW HITPOINT WARNING * * *
You slash the orc!
You kill the orc!
Trog accepts your kill.
You hit the worm. The worm bites you but does no damage.
Things that are here:
a trident; an orc corpse Your ring mail prevents you from hitting the worm.
The worm bites you!
You die...

.. .###### #
.....# ##. #....#
#..##....#
.........#
#......###
##...††..##..
#$.@†<......#
.......w).......#
.##.............#
##............#
#.........#...
.......#####...
#>......# ..
#.......#


You could see a worm.

Vanquished Creatures
  3 adders
  A worm (D:2)
  3 dart slugs
  3 leopard geckos
  An orc (D:3)
  5 giant cockroaches
  9 goblins
  9 hobgoblins
  4 ball pythons
  7 bats
  A frilled lizard (D:2)
  7 kobolds
  6 rats
59 creatures vanquished.

Notes
Turn   | Place    | Note
-------+----------+-------------------------------------------
     0 | D:1      | gogeta the Minotaur Berserker began the quest for the Orb.
     0 | D:1      | Reached XP level 1. HP: 19/19 MP: 0/0
     0 | D:1      | Noticed a draconian
     0 | D:1      | Noticed an ogre
     2 | D:1      | Noticed an elf
     2 | D:1      | Noticed an octopode
     4 | D:1      | Noticed a vine stalker
     5 | D:1      | Noticed an octopode
     9 | D:1      | Noticed a minotaur
    13 | D:1      | Noticed a draconian
    15 | D:1      | Noticed a spriggan
    15 | D:1      | Noticed a draconian
    17 | D:1      | Noticed a vine stalker
    17 | D:1      | Noticed a dwarf
    17 | D:1      | Noticed a ghoul
    19 | D:1      | Noticed an ogre
    19 | D:1      | Noticed a ghoul
   145 | D:1      | Reached XP level 2. HP: 7/27 MP: 1/1
  1022 | D:1      | Reached ** piety under Trog
  1042 | D:1      | Reached XP level 3. HP: 25/33 MP: 2/2
  1713 | D:2      | Reached XP level 4. HP: 41/41 MP: 3/3
  2257 | D:3      | Slain by a worm

Skill      XL: |  1  2  3 |
---------------+----------+-----
Fighting       | 4 |  4.7
Axes           | 4 |  4.4
Armour         | 3 |  3.4
Dodging        | |  2.8
Stealth        | |  0.3

Action                   |  1- 3 |  4- 6 || total
-------------------------+-------+-------++-------
Melee: Hand axe          |    86 |    32 ||   118
       Headbutt          |    12 |     6 ||    18
  Eat: Bread ration      |     1 |       ||     1
       Chunk             |     1 |       ||     1
Armor: Animal skin       |     9 |       ||     9
       Ring mail         |    10 |    14 ||    24
Dodge: Dodged            |    57 |    38 ||    95
